 Dungeon Crawl Stone Soup version 0.25-a0-504-g768f60da87 (webtiles) character file.

Game seed: 16307713723876524633, levelgen mode: deterministic

110944 Eurus the Eclecticist (level 16, -13/129 HPs)
             Began as a Mummy Conjurer on Feb 14, 2020.
             Was a High Priest of Ashenzari.
             Engulfed by an ophan's blessed fire (18 damage)
             ... on level 2 of the Abyss.
             The game lasted 02:29:17 (50714 turns).

Eurus the Eclecticist (Mummy Conjurer)             Turns: 50714, Time: 02:29:18

Health: -13/129    AC: 26    Str: 14    XL:     16   Next: 8%
Magic:  30/35      EV: 15    Int: 19    God:    Ashenzari [*****.]
Gold:   1528       SH:  7    Dex: 12    Spells: 30/46 levels left

rFire    . . .     SeeInvis +   q - staff of conjuration (curse)
rCold    + + .     Gourm    .   K - +1 buckler {reflect} (curse)
rNeg     + + +     Faith    .   z - +5 ring mail of Tuyt {rF+}
rPois    ∞         Spirit   .   m - +0 helmet
rElec    +         Reflect  +   i - +1 cloak of Starlight {rElec rC+ EV+4 Stlth--} (curse)
rCorr    .         Harm     .   p - +0 pair of gloves
MR       ++...     Clarity  +   u - +2 pair of boots {Fly} (curse)
Stlth    ..........             N - amulet of magic regeneration (curse)
HPRegen  0.31/turn              n - ring of wizardry (curse)
MPRegen  0.49/turn              E - +5 ring of protection (curse)

@: flying, glowing
A: no food or potions, fire vulnerability, cold resistance 1, negative energy
resistance 3, torment resistance, unbreathing, in touch with death 1
a: Curse Item, Scrying, Transfer Knowledge, Renounce Religion, Stop Flying


You were on level 2 of the Abyss.
You worshipped Ashenzari.
Ashenzari was extremely pleased with you.
You were not hungry.

You visited 6 branches of the dungeon, and saw 29 of its levels.
You visited the Abyss 1 time.
You also visited: Ossuary.

You collected 4869 gold pieces.
You spent 3341 gold pieces at shops.

Inventory:

Armour
 i - the cursed +1 cloak of Starlight (worn) {rElec rC+ EV+4 Stlth--}
   (You bought it in a shop on level 8 of the Dungeon)

   It affects your evasion (+4).
   It protects you from cold.
   It insulates you from electricity.
   It makes you much less stealthy.
   If you remove this armour, your AC will decrease by 3 (26 -> 23).
   It has a curse placed upon it.
 m - a +0 helmet (worn)
 p - a +0 pair of gloves (worn)
 u - a cursed +2 pair of boots of flying (worn)
 z - the +5 ring mail of Tuyt (worn) {rF+}
   (You found it on level 1 of the Lair of Beasts)

   It protects you from fire.
   If you remove this armour, your AC will decrease by 13 (26 -> 13).
 G - a +0 kite shield
 K - a cursed +1 buckler of reflection (worn)
Magical Staves
 q - a cursed staff of conjuration (weapon)
Jewellery
 c - an uncursed ring of stealth
 g - an uncursed amulet of harm
 k - an uncursed ring of wizardry
 n - a cursed ring of wizardry (left hand)
 r - an uncursed ring of ice
 t - a +5 ring of strength
 y - an uncursed ring of fire
 E - a cursed +5 ring of protection (right hand)
 F - an uncursed ring of wizardry
 L - an uncursed ring of flight
 M - an uncursed ring of protection from cold
 N - a cursed amulet of magic regeneration (around neck)
Wands
 a - a wand of paralysis (23)
 l - a wand of polymorph (28)
 v - a wand of acid (16)
 x - a wand of disintegration (22)
 A - a wand of iceblast (11)
 B - a wand of random effects (22)
 J - a wand of digging (9)
Scrolls
 b - 3 scrolls of blinking
 d - 6 scrolls of enchant weapon
 e - 15 scrolls of identify
 f - 5 scrolls of magic mapping
 h - 3 scrolls of remove curse
 j - 9 scrolls of teleportation
 o - 5 scrolls of amnesia
 w - 3 scrolls of immolation
 C - 6 scrolls of enchant armour
 D - 4 scrolls of silence
 H - 2 scrolls of fog
 I - a scroll of fear
 O - a scroll of torment


   Skills:
 + Level 12.8 Fighting
 + Level 10.2 Armour
 - Level 1.5 Dodging
 + Level 8.5(11.1) Shields
 + Level 15.6(19.0) Spellcasting
 + Level 12.0(15.7) Conjurations
 + Level 8.4(12.3) Translocations


You had 30 spell levels left.
You knew the following spells:

 Your Spells              Type           Power        Failure   Level  Hunger
a - Magic Dart            Conj           ####         0%          1    N/A
b - Searing Ray           Conj           ######       0%          2    N/A
c - Iskenderun's Mystic   Conj/Tloc      #######.     1%          4    N/A
d - Gell's Gravitas       Tloc           ######....   1%          3    N/A
e - Dispersal             Tloc           ######....   1%          6    N/A

Your spell library contained the following spells:

 Spells                   Type           Power        Failure   Level  Hunger
 Animate Skeleton         Necr           N/A          1%          1    N/A
 Apportation              Tloc           ######       1%          1    N/A
 Corona                   Hex            ###....      1%          1    N/A
 Freeze                   Ice            ###.         1%          1    N/A
 Shock                    Conj/Air       ####         1%          1    N/A
 Summon Small Mammal      Summ           ###.         1%          1    N/A
 Dazzling Flash           Conj/Hex       ######       1%          3    N/A
 Portal Projectile        Hex/Tloc       #####.       1%          3    N/A
 Static Discharge         Conj/Air       ######..     1%          3    N/A
 Fulminant Prism          Conj/Hex       ######....   1%          4    N/A
 Lightning Bolt           Conj/Air       ######....   1%          5    N/A
 Slow                     Hex            ###.....     2%          2    N/A
 Sticks to Snakes         Tmut           ###.....     2%          2    N/A
 Swiftness                Chrm/Air       ###.....     2%          2    N/A
 Confusing Touch          Hex            ###.....     4%          3    N/A
 Frozen Ramparts          Ice            ###...       4%          3    N/A
 Inner Flame              Hex/Fire       ###.....     4%          3    N/A
 Ozocubu's Armour         Chrm/Ice       ###.....     4%          3    N/A
 Airstrike                Air            ###.......   16%         4    N/A
 Cause Fear               Hex            ###.......   16%         4    N/A
 Leda's Liquefaction      Hex/Erth       ###.......   16%         4    N/A
 Petrify                  Tmut/Erth      ###.....     16%         4    N/A
 Summon Ice Beast         Ice/Summ       ###.....     16%         4    N/A
 Metabolic Englaciation   Hex/Ice        ###.......   38%         5    N/A
 Yara's Violent Unravell  Hex/Tmut       ###.......   38%         5    N/A
 Controlled Blink         Tloc           N/A          61%         8    N/A
 Disjunction              Tloc           ######....   61%         8    N/A
 Beastly Appendage        Tmut           Unusable     N/A         1    N/A
 Spider Form              Tmut/Pois      Unusable     N/A         3    N/A
 Ice Form                 Ice/Tmut       Unusable     N/A         4    N/A
 Blade Hands              Tmut           Unusable     N/A         5    N/A

Dungeon Overview and Level Annotations

Branches:
Dungeon (15/15)            Temple (1/1) D:6            Lair (6/6) D:11
 Shoals (1/4) Lair:3       Spider (4/4) Lair:2        Slime (0/5) Lair:6
    Orc (2/2) D:11            Elf (0/3) Orc:2        Vaults (0/5) D:14
 Depths (0/5) D:15        Ossuary (visited)

Altars:
Ashenzari
Cheibriados
Dithmenos
Elyvilon
Fedhas
Gozag
Hepliaklqana
Kikubaaqudgha
Makhleb
Nemelex Xobeh
Okawaru
Qazlal
Ru
Sif Muna
Trog
Uskayaw
Vehumet
Wu Jian
Xom
Yredelemnul
Zin
The Shining One
Beogh
Jiyva

Shops:
D:8 [   Orc:1 [=   Orc:2 [?(:

Annotations:
D:2 1 exclusion
Lair:4 2 transporters, feta's ghost, journeyman TeCj
Lair:6 exclusions: sensed monster (detected) and 2 more exclusions
Shoals:1 Louise
Spider:2 exclusion: ghost moth
Spider:4 exclusions: 4 doors, 2 sensed monsters (detected) and 1 more exclusion


Innate Abilities, Weirdness & Mutations

You do not eat or drink.
Your flesh is vulnerable to fire.
You are immune to poison.
Your flesh is cold resistant. (rC+)
You are immune to negative energy. (rN+++)
You are immune to unholy pain and torment.
You can survive without breathing.
You are in touch with the powers of death.


Message History

[Y]es or [N]o only, please.
Really fly into that cloud of blessed fire?
You are engulfed in blessed fire.
* * * LOW HITPOINT WARNING * * *
The raiju is engulfed in blessed fire.
The raiju bites you but does no damage.
A raiju comes into view.
You hit the earth elemental but do no damage.
You are engulfed in blessed fire.
* * * LOW HITPOINT WARNING * * *
The raiju is engulfed in blessed fire.
The raiju bites you but does no damage. You block the efreet's attack.
The hellwing barely misses you. The hellwing closely misses you.
The deep elf elementalist points at you and mumbles some strange words.
Some walls begin to move on their own!
You block the earth elemental's attack. The earth elemental barely misses you.
The raiju is engulfed in blessed fire.
The raiju bites you but does no damage.
You hit the raiju but do no damage.
The raiju is heavily wounded.
You are engulfed in blessed fire.
You die...

, *,, ** * ,* ,##
*, * , ,, , ,* *,
* #.# *, * *,
..,###* #..# ,* ,
* , * * * *.#...*
... , * * ** , #.
*,..#..*#.. ,,,,*
,, .# ..
##.#.##.#.# , *
,, , * ,,..#.
#..#§#h{.#.## ,,*
* ,*
#..#.#.#E4##....#
, .3
**##..#..ER@hh#h
, , , ,#{{ .
#.#.E#..E#### *,
.{#.##.#.....E.#
*,**,*, # . #.
#..eG.#..# *,* ,
.. #{.
##.E##...... *, ,
,#.# .{# ..{.
.##... ** #..##
.#.{..#.# . .# ,
, *#..
.#...##..#.#.# ,
* , ##
##..°#...#####
##** **, ,


You could see an ophan, a deep elf elementalist, 6 earth elementals, a hellwing,
an efreet and 3 raiju.

Vanquished Creatures
  An orc warlord (Orc:1)
  3 entropy weavers
  Josephine (D:14)
  2 ogre magi (Orc:2)
  Harold (D:8)
  7 hydras
  A vault guard (D:14)
  5 two-headed ogres
  3 centaur warriors
  A queen ant (Spider:3)
  A large abomination (Abyss:2)
  A tengu warrior (D:14)
  Sonja (Lair:3)
  Nergalle (Orc:2)
  4 sea snakes
  2 unseen horrors
  2 orc knights
  13 wolf spiders
  A wolf spider zombie (D:15)
  7 orb spiders
  10 orc sorcerers
  A manticore (D:14)
  3 cyclopes
  A worldbinder (Abyss:2)
  8 ugly things
  3 fauns (Shoals:1)
  3 moths of wrath (Spider:1)
  2 centaur zombies
  2 black mambas
  2 water nymphs (Shoals:1)
  Psyche (D:8)
  2 gargoyles
  A merfolk siren (Shoals:1)
  11 spiny frogs
  A freezing wraith (D:15)
  8 komodo dragons
  9 demonic crawlers
  A rime drake (Lair:2)
  3 merfolk (Shoals:1)
  5 tengu conjurers
  A hellwing (Abyss:2)
  A polar bear (Lair:3)
  Prince Ribbit (D:5)
  4 hornets
  4 trolls
  A harpy skeleton (D:14)
  25 jumping spiders
  5 dream sheep (Lair:6)
  10 blink frogs
  7 hippogriffs
  9 slime creatures
  3 snapping turtles
  2 shadows
  9 wraiths
  Sigmund (D:2)
  63 redbacks
  24 tarantellas
  A tarantella (shapeshifter) (D:13)
  4 wyverns
  34 yaks
  2 basilisks
  5 vampire mosquitoes
  A hungry ghost (D:8)
  5 wargs
  Menkaure (D:7)
  An acid dragon (D:13)
  12 soldier ants
  15 water moccasins
  5 porcupines
  31 orc warriors
  5 ice beasts
  A black bear (D:11)
  3 sky beasts
  24 ogres
  12 crocodiles
  12 centaurs
  20 bullfrogs
  A gnoll sergeant (D:10)
  A wyvern zombie (D:7)
  A wyvern skeleton (D:14)
  3 killer bees (D:9)
  3 electric eels
  16 wights
  4 howler monkeys
  6 crimson imps
  2 bullfrog zombies
  3 hounds
  41 orc wizards
  23 orc priests
  A jelly (D:8)
  A bullfrog skeleton (D:13)
  Natasha (D:2)
  An iguana (D:14)
  22 worker ants
  A small abomination (Abyss:2)
  A mummy (D:7)
  8 gnolls
  11 adders
  A shadow imp (D:9)
  An ooze (D:3)
  2 adder zombies
  2 worms (D:2)
  2 dart slugs (D:1)
  3 leopard geckos
  107 orcs
  5 bats
  A giant cockroach (D:1)
  3 goblins
  A hobgoblin (D:3)
  17 jackals
  6 quokkas
  5 ball pythons
  A ball python skeleton (Ossuary)
  5 frilled lizards
  2 hobgoblin skeletons (Ossuary)
  2 hobgoblin zombies (Ossuary)
  9 kobolds
  A leopard gecko skeleton (D:5)
  A leopard gecko zombie (D:7)
  An orc skeleton (Ossuary)
  2 orc zombies (Ossuary)
  6 rats
836 creatures vanquished.

Vanquished Creatures (others)
  A centaur warrior (D:13)
  A faun (Shoals:1)
  A redback (Spider:3)
  A centaur (D:13)
  15 fungi
  A plant (Lair:4)
20 creatures vanquished.

Grand Total: 856 creatures vanquished

Notes
Turn   | Place    | Note
-------+----------+-------------------------------------------
     0 | D:1      | Eurus the Mummy Conjurer began the quest for the Orb.
     0 | D:1      | Reached XP level 1. HP: 13/13 MP: 4/4
   341 | D:1      | Found a sparkling altar of Nemelex Xobeh.
   345 | D:1      | Reached XP level 2. HP: 20/20 MP: 0/5
   732 | D:1      | Reached skill level 3 in Spellcasting
  1571 | D:2      | Reached skill level 1 in Fighting
  1588 | D:2      | Learned a level 2 spell: Searing Ray
  2086 | D:2      | Found a white marble altar of Elyvilon.
  2173 | D:2      | Found a sacrificial altar of Ru.
  2300 | D:2      | Reached XP level 3. HP: 26/26 MP: 4/7
  2531 | D:2      | Found a sparkling altar of Nemelex Xobeh.
  2548 | D:2      | Noticed Sigmund
  2598 | D:2      | Noticed Natasha
  2609 | D:2      | Killed Natasha
  3068 | D:3      | Reached XP level 4. HP: 29/32 MP: 0/9
  3075 | D:3      | Learned a level 4 spell: Iskenderun's Mystic Blast
  4033 | D:3      | Found an iron altar of Okawaru.
  4047 | D:3      | Reached skill level 1 in Armour
  4139 | D:3      | Learned a level 3 spell: Gell's Gravitas
  4579 | D:4      | Reached XP level 5. HP: 38/38 MP: 6/10
  4986 | D:4      | Noticed an ogre
  5003 | D:4      | Killed an ogre
  5003 | D:4      | Reached skill level 4 in Spellcasting
  5003 | D:4      | Reached skill level 1 in Translocations
  5066 | D:4      | Reached XP level 6. HP: 44/46 MP: 8/12
  5153 | D:4      | Found a glowing golden altar of the Shining One.
  5446 | D:4      | Got a transparent ring mail
  5596 | D:5      | Entered Level 5 of the Dungeon
  5658 | D:5      | Noticed an ice beast
  5686 | D:5      | Killed an ice beast
  6207 | D:5      | Reached XP level 7. HP: 52/52 MP: 10/14
  6314 | D:5      | Reached skill level 5 in Spellcasting
  7031 | D:5      | Reached skill level 5 in Conjurations
  7174 | D:6      | Noticed Prince Ribbit
  7238 | D:6      | Found a staircase to the Ecumenical Temple.
  7250 | Temple   | Entered the Ecumenical Temple
  7305 | Temple   | Became a worshipper of Ashenzari the Shackled
  7330 | Temple   | Identified the +0 ring mail "Fycyl" {rElec rN+} (You found
                  | it on level 4 of the Dungeon)
  7408 | D:6      | Found a burning altar of Makhleb.
  7408 | D:6      | Found an ornate altar of the Wu Jian Council.
  7439 | D:6      | Reached XP level 8. HP: 60/60 MP: 6/16
  8681 | D:7      | Noticed Menkaure
  8697 | D:7      | Killed Menkaure
  8697 | D:7      | Reached skill level 6 in Spellcasting
  8706 | D:7      | Found a sand-covered staircase.
  8716 | Ossuary  | Entered an ossuary
  9026 | Ossuary  | Noticed a flying skull
  9047 | Ossuary  | Noticed a flying skull
  9047 | Ossuary  | Noticed a flying skull
  9207 | Ossuary  | Noticed a flying skull
  9415 | D:7      | Reached skill level 5 in Fighting
  9524 | D:7      | Reached XP level 9. HP: 68/68 MP: 14/19
  9745 | D:7      | Reached skill level 7 in Spellcasting
 11019 | D:8      | Found Defups's Antique Armour Emporium.
 11021 | D:8      | Noticed Psyche
 11320 | D:8      | Reached skill level 8 in Spellcasting
 11679 | D:8      | Reached skill level 5 in Armour
 11775 | D:8      | Reached skill level 5 in Translocations
 11828 | D:8      | Killed Psyche
 11828 | D:8      | Reached XP level 10. HP: 67/77 MP: 5/22
 12228 | D:8      | Identified Sif Muna's Incunabulum of Snow
 12430 | D:8      | Noticed Harold
 13061 | D:9      | Noticed a two-headed ogre
 13069 | D:9      | Killed a two-headed ogre
 13359 | D:9      | Found an ancient bone altar of Kikubaaqudgha.
 13368 | D:9      | Found a shimmering blue altar of Sif Muna.
 13370 | D:9      | Found a radiant altar of Vehumet.
 13374 | D:9      | Identified Sif Muna's Collected Works on the Voyage
 13809 | D:9      | Reached skill level 9 in Spellcasting
 14064 | D:9      | Reached * piety under Ashenzari
 14298 | D:9      | Noticed a cyclops
 14364 | D:10     | Entered Level 10 of the Dungeon
 16499 | D:11     | Found a staircase to the Orcish Mines.
 16507 | D:11     | Reached XP level 11. HP: 84/84 MP: 19/24
 16872 | D:11     | Found a staircase to the Lair.
 17046 | Orc:1    | Entered Level 1 of the Orcish Mines
 17135 | Lair:1   | Entered Level 1 of the Lair of Beasts
 17198 | Lair:1   | Got the uncursed ring mail of Tuyt {rF+}
 17219 | Lair:1   | Identified the +5 ring mail of Tuyt {rF+} (You found it on
                  | level 1 of the Lair of Beasts)
 17759 | Lair:1   | Reached ** piety under Ashenzari
 17837 | Lair:1   | Reached skill level 10 in Spellcasting
 18078 | Lair:1   | Noticed a five-headed hydra
 18096 | Lair:1   | Killed a five-headed hydra
 18359 | Lair:2   | Noticed a six-headed hydra
 18381 | Lair:2   | Killed a six-headed hydra
 19740 | Lair:2   | Found a hole to the Spider Nest.
 19969 | Lair:2   | Reached XP level 12. HP: 83/95 MP: 17/26
 20297 | Lair:3   | Reached skill level 11 in Spellcasting
 20398 | Lair:3   | Found a staircase to the Shoals.
 20409 | Lair:3   | Noticed a five-headed hydra
 20431 | Lair:3   | Killed a five-headed hydra
 20618 | Lair:3   | Noticed Sonja
 20625 | Lair:3   | Killed Sonja
 21093 | Lair:3   | Identified the +6 shortbow "Koquot" {venom, rN+ Stlth+}
 21140 | Lair:3   | Noticed a five-headed hydra
 21171 | Lair:3   | Killed a five-headed hydra
 21456 | Lair:3   | Noticed a six-headed hydra
 21476 | Lair:3   | Killed a six-headed hydra
 22282 | Lair:4   | Reached skill level 1 in Shields
 22478 | Lair:4   | Noticed a death yak
 22478 | Lair:4   | Noticed a death yak
 22534 | Lair:4   | Found a transporter.
 22559 | Lair:4   | Reached *** piety under Ashenzari
 22563 | Lair:4   | Found a transporter.
 22567 | Lair:4   | Noticed feta's ghost (journeyman TeCj)
 22568 | Lair:4   | Noticed a rakshasa
 22580 | Lair:4   | Noticed a cacodemon
 22717 | Lair:4   | Noticed a death yak
 22992 | Lair:4   | Reached skill level 12 in Spellcasting
 24526 | Lair:5   | Gained mutation: You are in touch with the powers of death.
                  | [Mummy growth]
 24526 | Lair:5   | Reached XP level 13. HP: 102/102 MP: 15/29
 25205 | Lair:6   | Entered Level 6 of the Lair of Beasts
 25205 | Lair:6   | Reached **** piety under Ashenzari
 25560 | Lair:6   | Found a staircase to the Slime Pits.
 25560 | Lair:6   | Found a viscous altar of Jiyva.
 25661 | Lair:6   | Reached skill level 10 in Fighting
 26929 | D:2      | Killed Sigmund
 27377 | D:5      | Killed Prince Ribbit
 27547 | D:8      | Killed Harold
 27599 | D:9      | Reached skill level 10 in Conjurations
 28537 | D:11     | Reached skill level 13 in Spellcasting
 28975 | Orc:1    | Found Rorenib's Armour Shoppe.
 29063 | Orc:1    | Found Pula's Jewellery Shop.
 29165 | D:8      | Bought the +1 cloak of Starlight {rElec rC+ EV+4 Stlth--}
                  | for 979 gold pieces
 29165 | D:8      | Found the +1 cloak of Starlight {rElec rC+ EV+4 Stlth--}
 29405 | Orc:2    | Entered Level 2 of the Orcish Mines
 29969 | Orc:2    | Reached ***** piety under Ashenzari
 30168 | Orc:2    | Found a staircase to the Elven Halls.
 30364 | Orc:2    | Noticed an orc warlord
 30457 | D:12     | Found a bloodstained altar of Trog.
 30509 | D:12     | Reached skill level 5 in Shields
 31809 | D:13     | Identified a scroll of acquirement
 33085 | D:12     | Reached XP level 14. HP: 78/111 MP: 23/31
 34150 | D:14     | Found a gate to the Vaults.
 34471 | D:14     | Noticed Josephine
 34484 | D:14     | Killed Josephine
 35158 | D:14     | Reached skill level 14 in Spellcasting
 35527 | D:15     | Entered Level 15 of the Dungeon
 36682 | Orc:1    | Killed an orc warlord
 38645 | Orc:2    | Found Mokaew's Antique Armour Emporium.
 38866 | Orc:2    | Found Leith's Magic Scroll Shoppe.
 39153 | Orc:2    | Noticed Nergalle
 39191 | Orc:2    | Killed Nergalle
 39320 | Orc:2    | Found an ancient bone altar of Kikubaaqudgha.
 39579 | Orc:2    | Reached skill level 10 in Armour
 39612 | Orc:2    | Found a radiant altar of Vehumet.
 39710 | Orc:2    | Found a roughly hewn altar of Beogh.
 39710 | Orc:2    | Found Foiser's Antique Weapon Emporium.
 39754 | Orc:2    | Found Xydaf's Book Emporium.
 39988 | Orc:2    | Bought a book of the Warp for 1530 gold pieces
 40031 | Orc:2    | Learned a level 6 spell: Dispersal
 40186 | Spider:1 | Entered Level 1 of the Spider Nest
 40279 | Spider:1 | Reached XP level 15. HP: 120/120 MP: 18/33
 42377 | Spider:1 | Found the +3 robe of Folly {Archmagi, MR-- Int+5}
 43454 | Spider:2 | Noticed a ghost moth
 43754 | Spider:2 | Reached skill level 15 in Spellcasting
 44910 | Orc:2    | Bought a scroll of acquirement for 832 gold pieces
 44910 | Orc:2    | Identified the cursed +1 cloak "Talucw" {rElec} (You
                  | acquired it on level 2 of the Orcish Mines)
 44910 | Orc:2    | Identified the Collected Works on Destructive Venom (You
                  | acquired it on level 2 of the Orcish Mines)
 45084 | Shoals:1 | Entered Level 1 of the Shoals
 48135 | Spider:4 | Entered Level 4 of the Spider Nest
 49823 | Shoals:1 | Reached XP level 16. HP: 129/129 MP: 9/35
 50529 | Shoals:1 | Noticed Louise
 50591 | Shoals:1 | Cast into level 2 of the Abyss (Louise)
 50591 | Abyss:2  | Found a corrupted altar of Lugonu.
 50713 | Abyss:2  | HP: 5/129 [ophan] (5)]
 50714 | Abyss:2  | Engulfed by an ophan's blessed fire

Levels and vault maps discovered:
D:1:      elethiomel_arrival_maze, layout_basic, chequers_serial_rivers_room_a,
          nemelex_xobeh_ov_fountains_minmay
D:2:      layout_basic, lemuel_crystal_altar, lemuel_coloured_pillars_altar,
          kennysheep_donut, nicolae_ru_the_path_less_chosen, uniq_sigmund,
          uniq_natasha
D:3:      layout_rooms, okawaru_ov_weapons_minmay, first_ration
D:4:      layout_loops_cross, overflow_temple_1_default,
          hangedman_abyss_or_decor_jellyfish_corner, saegor_snake_ambush
D:5:      minmay_spotlight, layout_basic, st_stairs_3
D:6:      layout_loops_ring, gammafunk_temple_overflow_statue,
          minmay_temple_entry_grid, uniq_prince_ribbit1
D:7:      layout_basic, gup_ossuary_entry_pyramid, uniq_menkaure
D:8:      layout_loops_cross, serial_shops, shop, hangedman_pestilent_swarm,
          uniq_harold, uniq_psyche
D:9:      layout_cave_pools, grunt_temple_overflow_magic_moments,
          grunt_ministairs_8, wad_floor_pattern_untrapped
D:10:     layout_small_grid, special_room [special_room_orc]
D:11:     layout_cave_pools, grunt_lair_entry_orc_guard_hut, orc_0_dummy
D:12:     layout_loops_cross, basic_altar, kennysheep_generic_room_3
D:13:     layout_basic
D:14:     layout_rooms, david_vaults_5, serial_curves, eino_curves_01,
          eino_curves_03, uniq_josephine
D:15:     grunt_enter_depths_snipers, layout_long_grid,
          chequers_serial_rivers_room_a, chequers_jeans, grunt_decor_one_mirror
Temple:   nicolae_temple_x_marks_the_god
Lair:1:   layout_loops_ring, grunt_megastairs_3, lemuel_fruit_fields,
          lemuel_fruit_tree
Lair:2:   layout_chaotic_city, nicolae_spider_entry_tight_spaces
Lair:3:   layout_regular_city, minmay_shoals_entry_hut, uniq_sonja
Lair:4:   layout_roguey, gammafunk_ghost_abyssal_escape
Lair:5:   layout_hall_layers, chequers_serial_rivers_micro_b
Lair:6:   minmay_lair_end_enchanted_forest, layout_loops_ring, slime_altar_1
Shoals:1: layout_shoals, uniq_louise
Spider:1: layout_spider_delve
Spider:2: layout_spider_delve, hangedman_spider_mandibles
Spider:3: layout_spider_delve, minmay_another_anthill
Spider:4: spider_rune_water, nicolae_spider_webs_and_nodes, uniq_arachne
Orc:1:    layout_caves, serial_shops, shop, shop
Orc:2:    kennysheep_orc_mage_school, layout_diamond_mine
Abyss:2:  base:
D:3

Skill      XL: |  1  2  3  4  5  6  7  8  9 10 11 12 13 14 15 |
---------------+----------------------------------------------+-----
Spellcasting   | 3 4 5 6 8 9 10 12 13 14 15 | 15.6
Fighting       | 1 2 3 4 5 6 7 9 10 11 12 | 12.8
Conjurations   | 4 5 6 7 8 9 10 11 12 | 12.0
Armour         | 1 2 3 4 5 6 7 8 9 10 | 10.2
Translocations | 1 2 3 5 6 7 8 |  8.4
Shields        | 3 5 7 8 |  8.5
Stealth        | 0 |  0.0
Dodging        | |  1.5

Action                   |  1- 3 |  4- 6 |  7- 9 | 10-12 | 13-15 | 16-18 || total
-------------------------+-------+-------+-------+-------+-------+-------++-------
Melee: Unarmed           |     5 |       |       |       |       |       ||     5
       Short sword       |    30 |    35 |       |       |       |       ||    65
       Dagger            |       |     7 |       |       |       |       ||     7
       Staff             |       |       |     7 |     4 |    21 |     5 ||    37
 Cast: Magic Dart        |    46 |    50 |    83 |   132 |   345 |    11 ||   667
       Searing Ray       |     4 |    22 |    67 |   177 |   527 |    23 ||   820
       Iskenderun's Myst |       |       |       |    21 |    62 |     7 ||    90
Invok: Curse Item        |       |       |     1 |     2 |     2 |     2 ||     7
       Transfer Knowledg |       |       |       |       |     1 |       ||     1
 Abil: Stop Flying       |       |       |       |     1 |     2 |       ||     3
       Evoke Flight      |       |       |       |       |     3 |       ||     3
Evoke: Wand              |       |       |       |       |     1 |       ||     1
  Use: Scroll            |       |       |     6 |     8 |     8 |       ||    22
Armor: Robe              |    15 |    17 |     3 |       |       |       ||    35
       Ring mail         |       |       |    35 |   133 |   718 |    24 ||   910
Dodge: Dodged            |    45 |    47 |    62 |   176 |   916 |    41 ||  1287
Block: Buckler           |       |       |       |    11 |   530 |    27 ||   568
       Reflection        |       |       |       |       |    37 |       ||    37

Table legend:
 A = Non-vault XP
 B = Vault XP
 C = Vault XP percentage of total XP
 D = Non-vault monster count
 E = Vault monster count
 F = Vault count percentage of total count
                 A         B        C        D         E       F
            +---------+---------+-------+---------+---------+-------
      Total |  132085 |   26407 |  16.7 |     688 |     152 |  18.1
            +---------+---------+-------+---------+---------+-------
        D:1 |      25 |       0 |   0.0 |      14 |       0 |   0.0
        D:2 |      39 |     263 |  87.1 |      14 |       2 |  12.5
        D:3 |      98 |       0 |   0.0 |      32 |       0 |   0.0
        D:4 |     218 |      15 |   6.4 |       7 |       2 |  22.2
        D:5 |     708 |     586 |  45.3 |      17 |       5 |  22.7
        D:6 |     303 |       0 |   0.0 |      10 |       0 |   0.0
        D:7 |    1131 |     190 |  14.4 |      25 |       2 |   7.4
        D:8 |    1789 |    2083 |  53.8 |      32 |       6 |  15.8
        D:9 |    2611 |     125 |   4.6 |      26 |       3 |  10.3
       D:10 |    1933 |     363 |  15.8 |      20 |      25 |  55.6
       D:11 |    2633 |     503 |  16.0 |      22 |       4 |  15.4
       D:12 |    7035 |       0 |   0.0 |      26 |       0 |   0.0
       D:13 |    8369 |       0 |   0.0 |      40 |       0 |   0.0
       D:14 |    5374 |    5602 |  51.0 |      17 |      12 |  41.4
       D:15 |    6726 |       0 |   0.0 |      17 |       0 |   0.0
     Lair:1 |    4456 |     143 |   3.1 |      18 |       1 |   5.3
     Lair:2 |    6506 |    2796 |  30.1 |      14 |      11 |  44.0
     Lair:3 |    8030 |    1055 |  11.6 |      23 |       2 |   8.0
     Lair:4 |    4198 |       0 |   0.0 |      18 |       0 |   0.0
     Lair:5 |    5141 |       0 |   0.0 |      26 |       0 |   0.0
     Lair:6 |    7114 |       0 |   0.0 |      23 |       0 |   0.0
   Shoals:1 |    7127 |       0 |   0.0 |      15 |       0 |   0.0
   Spider:1 |   12314 |       0 |   0.0 |      37 |       0 |   0.0
   Spider:2 |    7450 |    1514 |  16.9 |      28 |       2 |   6.7
   Spider:3 |   11746 |    2986 |  20.3 |      43 |      27 |  38.6
   Spider:4 |    7863 |       0 |   0.0 |      26 |       0 |   0.0
      Orc:1 |    4405 |       0 |   0.0 |      40 |       0 |   0.0
      Orc:2 |    5012 |    7565 |  60.1 |      54 |      34 |  38.6
    Abyss:2 |    1731 |       0 |   0.0 |       4 |       0 |   0.0
    Ossuary |       0 |     618 | 100.0 |       0 |      14 | 100.0
            +---------+---------+-------+---------+---------+-------
